 Dungeon Crawl Stone Soup version 0.27-a0-1161-g56a4fb2 (webtiles) character file.

Game seed: 12512647938023588732

236 Meow the Stinger (level 6, 49/49 HPs)
             Began as a Naga Venom Mage on May 15, 2021.
             Quit the game on level 2 of the Dungeon.
             The game lasted 00:08:54 (2626 turns).

Meow the Stinger (Naga Venom Mage)                  Turns: 2626, Time: 00:08:55

Health: 49/49      AC:  5    Str: 10    XL:     6   Next: 6%
Magic:  12/12      EV:  9    Int: 18    God:
Gold:   94         SH:  0    Dex: 11    Spells: 6/13 levels left

rFire    + . .     SeeInvis +   a - +3 trident (vorpal)
rCold    + + .     Faith    .   (no shield)
rNeg     . . .     Spirit   .   o - +2 robe {rC+ rF+}
rPois    +         Reflect  .   (no helmet)
rElec    .         Harm     .   (no cloak)
rCorr    .         Rampage  .   (no gloves)
Will     .....                  (no barding)
Stlth    ++........             (no amulet)
HPRegen  0.16/turn              k - ring of protection from cold
MPRegen  0.13/turn              (no ring)

@: very slow
A: AC +2, large, see invisible, deformed body, poison resistance, slowness 2,
spit poison 1, naga tail 1
a: Spit Poison


You were on level 2 of the Dungeon.
You visited 1 branch of the dungeon, and saw 2 of its levels.

You collected 94 gold pieces.

Inventory:

Hand Weapons
 a - a +3 vorpal trident (weapon)
 p - a +0 dagger
 r - a +0 war axe
 s - a +0 hunting sling
Missiles
 d - 78 arrows
 i - 18 stones
Armour
 h - a +0 robe
 o - a +2 robe of resistance (worn)
Jewellery
 k - a ring of protection from cold (left hand)
 n - a ring of flight
Scrolls
 g - a scroll of teleportation {unknown}
 j - a scroll of brand weapon {unknown}
 l - a scroll of enchant weapon
 m - a scroll of fog {unknown}
 q - a scroll of magic mapping
 t - a scroll of fear {unknown}
Potions
 b - 3 potions of brilliance {unknown}
 c - a potion of berserk rage {unknown}
 e - a potion of magic {unknown}
 f - a potion of heal wounds {unknown}


   Skills:
 - Level 1.5 Dodging
 - Level 3.0 Stealth
 + Level 4.2 Spellcasting
 - Level 1.0 Transmutations
 + Level 6.7 Poison Magic


You had 6 spell levels left.
You knew the following spells:

 Your Spells              Type           Power      Damage    Failure   Level
a - Sting                 Tmut/Pois      68%        1d6       3%          1
c - Mephitic Cloud        Conj/Pois/Air  11%        N/A       17%         3
C - Ignite Poison         Fire/Tmut/Pois 13%        N/A       16%         3

Your spell library contained the following spells:

 Spells                   Type           Power      Damage    Failure   Level
 Poisonous Vapours        Pois/Air       30%        N/A       5%          2
 Spider Form              Tmut/Pois      8%         N/A       9%          3
 Olgreb's Toxic Radiance  Pois           28%        N/A       9%          4
 Beastly Appendage        Tmut           14%        N/A       10%         1
 Wereblood                Tmut           7%         N/A       14%         2
 Ice Form                 Ice/Tmut       5%         N/A       75%         4
 Hydra Form               Tmut           3%         N/A       95%         5


Dungeon Overview and Level Annotations

Branches:
Dungeon (2/15)

Altars:

Shops:
D:2 *


Innate Abilities, Weirdness & Mutations

Your serpentine skin is tough. (AC +2)
You have supernaturally acute eyesight. (SInv)
Armour fits poorly on your strangely shaped body.
Your system is resistant to poisons. (rPois)
You cover ground very slowly.
You can spit poison.
You have a snake-like lower body.


Message History

You have reached level 6!
Your experience leads to an increase in your attributes!
Increase (S)trength, (I)ntelligence, or (D)exterity?
You feel clever.
Your skin feels tougher.
Okay, then.
Unknown command.
Magic restored.
You open the door.
An adder and a quokka come into view.
The adder hisses angrily.
There is an open door here.
Press: ? - help, Shift-Dir - straight line, f - quokka
Aim: a quokka The splash of poison hits the quokka!
The quokka is poisoned.
You kill the quokka!
You puncture the adder!
The adder is severely wounded.
The adder bites you.
Casting: Sting (safe; 3% risk of failure)
Confirm with . or Enter, or press ? or * to list all spells.
Aiming: Sting (safe; 3% risk of failure)
Press: ? - help, Shift-Dir - straight line, f - adder
Aim: an adder (severely wounded, 57% to hit)
The sting hits the adder.
The adder is poisoned.
You kill the adder!
You have got your breath back.
You see here a +0 whip.
There is an open door here.
Done exploring.
Done exploring.
As you read the scroll labelled VOOSAO REWOSHO, it crumbles to dust.
It is a scroll of enchant weapon.
Your +2 vorpal trident glows red for a moment.
As you read the scroll labelled XISEGH UMUKHA, it crumbles to dust.
You feel aware of your surroundings.
It was a scroll of magic mapping.
Done exploring.
Done exploring.
Unknown command.
There is a stone staircase leading down here.
Are you sure you want to abandon this character and quit the game? (Confirm with "yes".)

..##P##############.# ..#P..#
#.....#.# ..#P..#######.###.#.##
..#...#.........#....###########
..##.##.#####.#.###............#
..#####.# #.......#...########.#
#.......# #.#.....#...# #.#
#####...###.###.####.###### #.#
.........)......@<........# #.#
....#.#####.#...#)##.####.# #.#
###)#.# #.#...#.##....#.# ##.#
#.#.# #.....#.[.......####.##
#)#.########..#..........'∩#..#
#).......................###..#
#.............##...#.#.########
###()........................#
......#######....#...#.#.#.#.#


There were no monsters in sight!

Vanquished Creatures
  A gnoll sergeant (D:2)
  Jessica (D:2)
  Robin (D:2)
  5 gnolls (D:2)
  2 adders (D:2)
  2 worms (D:2)
  2 dart slugs (D:1)
  7 bats
  4 endoplasms
  2 giant cockroaches (D:1)
  11 goblins
  9 hobgoblins
  7 jackals
  2 quokkas (D:2)
  2 ball pythons
  A frilled lizard (D:1)
  3 kobolds
  9 rats (D:1)
71 creatures vanquished.

Notes
Turn   | Place    | Note
-------+----------+-------------------------------------------
     0 | D:1      | Meow the Naga Venom Mage began the quest for the Orb.
     0 | D:1      | Reached XP level 1. HP: 15/15 MP: 3/3
   296 | D:1      | Reached XP level 2. HP: 22/22 MP: 5/5
   568 | D:1      | Found a faded altar of an unknown god.
   628 | D:1      | Reached XP level 3. HP: 28/28 MP: 7/7
   632 | D:1      | Learned a level 3 spell: Mephitic Cloud
   636 | D:1      | Learned a level 3 spell: Ignite Poison
   946 | D:1      | Reached skill level 5 in Poison Magic
  1330 | D:2      | Noticed Jessica
  1365 | D:2      | Killed Jessica
  1366 | D:2      | Reached XP level 4. HP: 36/36 MP: 2/8
  1854 | D:2      | Noticed Robin
  2012 | D:2      | Killed Robin
  2013 | D:2      | Reached XP level 5. HP: 42/42 MP: 6/10
  2051 | D:2      | Reached skill level 6 in Poison Magic
  2090 | D:2      | Found Pijaes's Assorted Antiques.
  2486 | D:2      | Reached XP level 6. HP: 49/49 MP: 8/12
  2626 | D:2      | Quit the game

Illustrated notes

Levels and vault maps discovered:
D:1:      minmay_arrival_split_and_join, layout_basic,
          shapermc_ecumenical_altar_mp_ritualfount, minmay_nonomino_d4
D:2:      layout_basic, serial_shops, nicolae_shop_window_shopping,
          serial_aquarium, aquarium_bridge_long_separate
          [aquarium_subvault_bridge, aquarium_subvault_bridge,
          aquarium_subvault_wall, aquarium_subvault_bridge,
          aquarium_subvault_balcony, aquarium_subvault_bridge],
          aquarium_window_1, aquarium_window_fake, aquarium_view_2e,
          aquarium_balcony_5a, aquarium_pool_corner, uniq_robin, uniq_jessica

Skill      XL: |  1  2  3  4  5 |
---------------+----------------+-----
Poison Magic   | 5 6 |  6.7
Spellcasting   | 3 4 |  4.2
Dodging        | |  1.5
Stealth        | |  3.0
Transmutations | |  1.0

Action                   |  1- 3 |  4- 6 || total
-------------------------+-------+-------++-------
Melee: Dagger            |     5 |       ||     5
       Trident           |       |     1 ||     1
 Fire: Hunting sling     |       |    22 ||    22
 Cast: Sting             |    32 |    29 ||    61
       Mephitic Cloud    |     1 |     5 ||     6
 Abil: Spit Poison       |    39 |    25 ||    64
  Use: Scroll            |       |     2 ||     2
Armor: Robe              |     3 |     8 ||    11
Dodge: Dodged            |    13 |     9 ||    22

Table legend: (Time is in decaauts)
 A = Elapsed time spent in this place.
 B = Non-inter-level travel time spent in this place.
 C = Inter-level travel time spent in this place.
 D = Time resting spent in this place.
 E = Time spent auto-exploring this place.
 F = Levels seen in this place.
 G = Mean time per level.
                   A        B        C        D        E       F      G
               +--------+--------+--------+--------+--------+-----+--------+
         Total |   3358 |   3119 |    239 |    521 |   2078 |   2 | 1679.0 |
       Dungeon |   3358 |   3119 |    239 |    521 |   2078 |   2 | 1679.0 |
               +--------+--------+--------+--------+--------+-----+--------+

Top non-repeatable levels by time:
     D:2: 1725 daAuts
     D:1: 1632 daAuts
